AoeStats
← DarkPaladinX

Black Forest

510265494Analyzed
4v4 RM · 5h ago on Sep 30, 2026· 44m 58s· 8 players
Game mode
Random Map
Map size
Large (8 player)
Population
200
Speed
Normal
Resources
Standard
Victory
Conquest
Starting age
Dark Age
Ending age
Imperial Age
RankedLock teamsTeams togetherTeam positionsShared explorationLock speedFull tech treeHidden civsTurbo modeCheats
Victory
Defeat
🇲🇽 Persians · Mexico
1572
+12
🇨🇳 Danes · China
1555
+12
🇧🇷 Bohemians · Brazil
1550
+12
🇺🇸 Slavs · United States
1516
+14
🇨🇳 Khmer · China
1583
-16
🇨🇳 Koreans · China
1489
-13
🇭🇰 Saracens · Hong Kong SAR China
1450
-12
🇨🇳 Persians · China
1367
-9
VX | Obligame Perro!
11:48 Feudal Age
12:10 Double-Bit Axe
17:14 Castle Age
15:31 Fishing Lines
24:36 Gold Mining
24:57 Bow Saw
24:29 Horse Collar
25:37 Wheelbarrow
28:12 Imperial Age
26:00 Scale Barding Armor
27:05 Gold Shaft Mining
26:56 Hand Cart
27:16 Chain Barding Armor
27:43 Forging
27:36 Heavy Plow
27:27 Stone Mining
28:03 Bloodlines
27:50 Cavalier
28:31 Husbandry
29:48 Chemistry
28:44 Gillnets
29:30 Savar
32:02 Plate Barding Armor
32:11 Iron Casting
31:25 Loom
33:46 Caravan
34:33 Stone Shaft Mining
35:00 Blast Furnace
34:01 Scale Mail Armor
35:22 Conscription
36:45 Two-Man Saw
36:19 Crop Rotation
Snow_Boss
6:47 Loom
10:54 Feudal Age
11:05 Man-at-Arms
11:31 Double-Bit Axe
13:11 Arson
14:55 Fletching
16:09 Padded Archer Armor
20:16 Horse Collar
24:48 Castle Age
23:23 Gold Mining
23:37 Scale Mail Armor
25:11 Forging
25:47 Chain Mail Armor
26:09 Bow Saw
25:51 Gambesons
28:00 Heavy Plow
28:38 Wheelbarrow
28:39 Gold Shaft Mining
28:41 Squires
34:05 Hand Cart
37:31 Imperial Age
36:55 Pikeman
37:33 Elite Varangian Guard
38:49 Iron Casting
38:47 Plate Mail Armor
38:52 Halberdier
40:47 Blast Furnace
43:08 Caravan
42:51 Capped Ram
逆·风
0:41 Loom
13:54 Feudal Age
14:42 Double-Bit Axe
14:38 Horse Collar
15:02 Fishing Lines
19:32 Castle Age
20:32 Bow Saw
20:23 Heavy Plow
20:16 Gillnets
21:11 Fervor
22:05 Wheelbarrow
22:12 Town Watch
25:19 Sanctity
27:05 Caravan
31:08 Imperial Age
29:16 Hand Cart
29:30 Scale Mail Armor
29:41 Forging
30:37 Chemistry
30:08 Padded Archer Armor
29:58 Fletching
30:45 Ballistics
31:09 Chain Mail Armor
30:29 Pikeman
31:10 Squires
31:00 Arson
31:55 Wagenburg Tactics
33:15 Two-Man Saw
32:53 Plate Mail Armor
32:51 Conscription
32:54 Houfnice
33:13 Elite Hussite Wagon
34:16 Fortified Wall
34:47 Siege Engineers
34:53 Masonry
34:59 Guilds
35:53 Leather Archer Armor
35:34 Bodkin Arrow
35:38 Murder Holes
36:24 Halberdier
37:41 Iron Casting
37:07 Bracer
37:37 Ring Archer Armor
38:55 Ring Archer Armor
39:26 Blast Furnace
39:44 Architecture
40:59 Scale Barding Armor
41:17 Bombard Tower
41:42 Hussite Reforms
42:45 Arrowslits
44:35 Sappers
DarkPaladinX
11:09 Feudal Age
15:23 Castle Age
14:04 Double-Bit Axe
16:51 Bow Saw
18:22 Fishing Lines
21:48 Gillnets
21:47 Horse Collar
22:56 Heavy Plow
26:06 Gold Mining
29:34 Imperial Age
27:42 Wheelbarrow
27:59 Caravan
29:07 Gold Shaft Mining
28:23 Stone Mining
29:17 Hand Cart
28:49 Loom
29:44 Onager
30:45 Scale Barding Armor
31:01 Bloodlines
30:51 Husbandry
30:43 Town Watch
32:04 Chain Barding Armor
31:42 Capped Ram
33:42 Plate Barding Armor
33:18 Forging
33:35 Detinets
33:56 Conscription
32:57 Elite Boyar
33:38 Druzhina
33:01 Siege Ram
34:41 Siege Engineers
36:36 Iron Casting
36:59 Hoardings
36:35 Masonry
36:13 Siege Onager
37:21 Pikeman
38:00 Fletching
40:00 Chemistry
39:21 Ballistics
38:29 Halberdier
39:09 Squires
40:22 Scale Mail Armor
42:57 Chain Mail Armor
班长
5:06 Loom
12:57 Feudal Age
17:13 Castle Age
15:40 Double-Bit Axe
15:43 Horse Collar
23:52 Bow Saw
26:28 Wheelbarrow
25:39 Town Watch
27:00 Gold Mining
27:12 Stone Mining
28:27 Gold Shaft Mining
31:43 Imperial Age
31:00 Scale Barding Armor
31:05 Forging
31:08 Masonry
30:56 Murder Holes
32:13 Chain Barding Armor
32:28 Conscription
32:24 Heavy Plow
32:55 Husbandry
33:06 Bloodlines
32:34 Elite War Elephant
33:52 Crop Rotation
34:16 Iron Casting
34:20 Architecture
36:20 Plate Barding Armor
36:52 Blast Furnace
35:45 Fletching
大平果是小菜鸡他爸
0:27 Loom
10:21 Feudal Age
13:17 Fletching
14:05 Padded Archer Armor
25:28 Castle Age
25:58 Elite Skirmisher
26:46 Bodkin Arrow
43:45 Imperial Age
41:52 Leather Archer Armor
41:13 Crossbowman
41:59 Thumb Ring
43:57 Arbalester
白色风车
0:31 Loom
12:13 Feudal Age
15:59 Castle Age
13:58 Double-Bit Axe
19:59 Wheelbarrow
19:40 Bow Saw
21:18 Horse Collar
24:43 Fishing Lines
28:37 Gillnets
31:19 Imperial Age
28:49 Fletching
29:59 Heavy Plow
30:06 Bodkin Arrow
30:04 Gold Mining
30:04 Stone Mining
30:34 Hand Cart
30:29 Treadmill Crane
31:00 Masonry
30:51 Eupseong
31:18 Scale Mail Armor
31:30 Forging
32:15 Gold Shaft Mining
32:15 Stone Shaft Mining
31:19 Pikeman
32:01 Squires
31:27 Crossbowman
31:48 Heavy Rocket Cart
33:44 Two-Man Saw
32:18 Halberdier
33:41 Chain Mail Armor
34:02 Iron Casting
33:54 Town Watch
34:35 Conscription
34:03 Arson
34:54 Plate Mail Armor
34:27 Bracer
35:35 Shinkichon
35:44 Guilds
37:09 Caravan
38:03 Coinage
40:48 Town Patrol
40:54 Scale Barding Armor
42:00 Chemistry
41:20 Ballistics
41:31 Architecture
41:29 Arbalester
42:14 Thumb Ring
大山鸡
12:03 Feudal Age
12:28 Fishing Lines
16:55 Castle Age
15:52 Double-Bit Axe
17:35 Gillnets
22:11 Bow Saw
22:38 Wheelbarrow
24:46 Gold Mining
24:47 Stone Mining
28:24 Horse Collar
29:00 Hand Cart
28:31 Town Watch
28:31 Loom
29:12 Heavy Plow
32:29 Imperial Age
31:11 Fletching
32:05 Gold Shaft Mining
32:06 Stone Shaft Mining
31:33 Padded Archer Armor
32:11 Scale Barding Armor
32:17 Forging
32:03 Bodkin Arrow
33:16 Bloodlines
33:06 Husbandry
32:32 Elite Battle Elephant
33:33 Chain Barding Armor
33:35 Conscription
33:18 Double Crossbow
34:20 Chemistry
32:43 Capped Ram
33:06 Cavalier
33:59 Tusk Swords
34:40 Ballistics
38:02 Plate Barding Armor
38:03 Iron Casting
38:39 Coinage
38:09 Caravan
38:30 Town Patrol
42:19 Light Cavalry
Connection lost

Rejoining the realm…

Still unreachable

The connection could not be restored.

Session expired

The server has moved on; the page needs a fresh start.